Map: Berlingrad LE

Players

Warthog - Winner!

  • Race: Terran Terran
  • League: Master
  • Spawn Location: 11:00

DataMiner

  • Race: Zerg Zerg
  • League: Master
  • Spawn Location: 5:00

VOD

Have the link to the VOD?

Description

Time

  • Played on: Jan. 4, 2022, 8:08 p.m.
  • Length: 14:04
Show
View Real Time Build Order
Export as new Build Order

Warthog Terran - Winner!

Build Orders: Liberator Opening, Reaper Expand 

Get SALT Encoding   

  12  0:00  SCV  
  13  0:13  SCV  
  14  0:17  Supply Depot  
  14  0:25  SCV  
  15  0:39  SCV  
  15  0:41  Barracks  
  16  0:45  Refinery  
  16  0:51  SCV  
  17  1:03  SCV  
  18  1:15  SCV  
  19  1:29  Reaper, Orbital Command  
  20  1:42  Command Center  
  20  1:54  Supply Depot  
  20  1:55  SCV  
  21  2:01  Marine  
  21  2:07  SCV  
  23  2:13  Factory  
  23  2:19  SCV  
  23  2:21  Refinery  
  24  2:28  Barracks Reactor  
  24  2:31  SCV  
  25  2:43  SCV  
  26  2:55  SCV, Orbital Command  
  27  3:01  Starport  
  27  3:09  Hellion  
  27  3:10  Hellion, Barracks Tech Lab  
  31  3:13  SCV  
  32  3:25  SCV  
  32  3:31  Hellion x2  
  36  3:36  SCV  
  36  3:43  SCV  
  36  3:47  Liberator  
  40  3:48  SCV  
  40  3:52  Hellion x2  
  45  3:57  SCV  
  46  4:05  Supply Depot  
  46  4:07  Supply Depot, SCV  
  47  4:10  SCV  
  47  4:16  Supply Depot  
  48  4:18  Command Center  
  48  4:19  SCV  
  49  4:25  SCV  
  49  4:30  Supply Depot  
  50  4:31  SCV  
  50  4:37  SCV  
  52  4:44  Hellion x2  
  53  4:49  SCV  
  48  4:56  SCV  
  48  4:58  Refinery  
  48  4:59  Refinery  
  49  5:00  Starport Tech Lab  
  49  5:01  SCV  
  49  5:05  Hellion x2  
  54  5:08  SCV  
  54  5:10  Barracks Reactor  
  54  5:13  SCV  
  56  5:20  SCV  
  57  5:26  SCV  
  58  5:32  SCV, Orbital Command  
  59  5:37  Hellion x2, Factory  
  59  5:38  SCV  
  59  5:41  Factory  
  64  5:44  SCV  
  64  5:46  Armory, Starport Tech Lab  
  64  5:47  Armory  
  62  5:50  SCV  
  62  5:56  SCV  
  64  6:02  SCV  
  64  6:03  Orbital Command  
  65  6:10  Supply Depot  
  61  6:12  Supply Depot  
  61  6:18  SCV x2  
  61  6:27  Cyclone, Hellion x2  
  61  6:28  Mag-Field Accelerator  
  61  6:30  Refinery, Infernal Pre-Igniter  
  68  6:33  Refinery  
  68  6:35  SCV x2, Factory  
  68  6:37  SCV  
  68  6:38  Factory  
  68  6:39  Supply Depot  
  71  6:45  Banshee  
  71  6:46  Supply Depot  
  74  6:47  SCV x2  
  74  6:49  SCV  
  77  6:59  SCV  
  77  7:00  Cyclone, Hellion  
  73  7:01  SCV  
  73  7:07  SCV  
  75  7:11  Supply Depot, SCV  
  75  7:12  Terran Vehicle Weapons Level 1  
  75  7:13  Terran Vehicle And Ship Armor Level 1, Supply Depot  
  75  7:15  Engineering Bay  
  76  7:16  Hellion x2  
  76  7:21  Hellion  
  84  7:26  Factory Tech Lab  
  84  7:27  SCV x3  
  85  7:32  Hellion  
  85  7:34  Supply Depot  
  87  7:37  Supply Depot  
  87  7:38  Hellion x2  
  87  7:39  Hellion  
  87  7:43  Cyclone, Hellion  
  98  7:45  Cyclone  
  98  7:46  SCV x3  
  104  7:53  Hellion  
  104  7:57  Supply Depot  
  107  7:58  SCV x2  
  108  8:14  Siege Tank  
  108  8:15  Siege Tank  
  108  8:18  Hellion x2  
  116  8:21  SCV  
  117  8:27  Command Center  
  117  8:31  Cyclone, Hellion  
  117  8:32  Hellion  
  122  8:44  Command Center  
  122  8:46  Supply Depot, Banshee  
  122  8:47  Siege Tank x2  
  119  9:04  Cyclone  
  119  9:08  Terran Vehicle Weapons Level 2  
  119  9:09  Factory  
  122  9:15  Terran Vehicle And Ship Armor Level 2  
  122  9:17  Factory  
  122  9:19  Siege Tank x2  
  122  9:23  Factory  
  128  9:26  Supply Depot  
  128  9:28  Banshee  
  131  9:36  Siege Tank  
  134  9:43  SCV x2  
  136  9:48  Refinery  
  136  9:49  Refinery  
  136  9:51  Siege Tank  
  136  9:52  Siege Tank  
  142  9:53  Factory Tech Lab  
  142  10:00  Hellion x3  
  142  10:01  Hellion  
  150  10:08  Siege Tank, Orbital Command  
  150  10:11  SCV x2  
  150  10:12  Planetary Fortress  
  155  10:15  SCV  
  156  10:23  SCV, Siege Tank  
  156  10:24  Siege Tank  
  163  10:32  Siege Tank  
  166  10:36  Hellion, Factory Tech Lab  
  166  10:40  Siege Tank  
  171  10:49  Hellion x2  
  172  10:55  Siege Tank  
  172  10:56  Cyclone  
  155  11:04  Cyclone, Hellion  
  152  11:12  Siege Tank  
  152  11:16  SCV x3  
  152  11:18  Refinery  
  152  11:27  Siege Tank  
  152  11:28  Siege Tank  
  156  11:34  Hellion  
  156  11:35  Hellion x3  
  156  11:37  Hellion  
  166  11:44  Factory Tech Lab  
  166  11:46  Factory Tech Lab  
  164  11:48  SCV x3  
  167  11:56  Hellion x4  
  167  11:58  Hellion  
  167  11:59  Thor  
  167  12:00  Thor  
  185  12:14  Hellion  
  185  12:15  Hellion  
  189  12:17  Hellion x2  
  189  12:19  Cyclone  
  192  12:28  Hellion x2  
  193  12:35  Cyclone  
  193  12:38  Hellion  
  193  12:39  Banshee  
  193  12:42  Cyclone  
  193  12:43  Cyclone  
  197  13:03  Hellion x3  
  199  13:05  Hellion  
  196  13:14  Hellion x2  
  199  13:20  Hellion  
  196  13:34  Hellion  
  196  13:35  Hellion  
Show
View Real Time Build Order
Export as new Build Order

DataMiner Zerg 

Build Orders: Hatch First 

Get SALT Encoding   

  12  0:01  Drone  
  13  0:12  Overlord  
  13  0:16  Drone  
  14  0:30  Drone  
  14  0:31  Drone  
  16  0:39  Drone  
  17  0:51  Hatchery  
  17  0:56  Drone  
  17  0:57  Drone  
  18  1:11  Spawning Pool  
  17  1:12  Extractor  
  17  1:18  Drone x2  
  18  1:27  Drone  
  19  1:40  Overlord  
  19  1:59  Queen  
  21  2:02  Drone x2  
  21  2:03  Zergling x2  
  21  2:04  Queen  
  26  2:12  Drone  
  26  2:15  Metabolic Boost  
  27  2:29  Zergling x4  
  28  2:31  Drone  
  28  2:35  Spore Crawler  
  29  2:47  Drone  
  29  2:48  Drone x3  
  33  2:54  Hatchery  
  33  2:55  Overlord  
  32  2:59  Queen  
  34  3:11  Drone  
  35  3:14  Drone x2  
  37  3:24  Drone x3  
  37  3:25  Drone x3  
  42  3:41  Drone x2  
  42  3:43  Drone  
  42  3:45  Overlord  
  44  3:59  Overlord  
  44  4:02  Queen  
  44  4:03  Overlord x3  
  44  4:04  Evolution Chamber  
  44  4:08  Zergling x2  
  46  4:10  Queen  
  46  4:11  Spine Crawler  
  47  4:23  Zergling x12  
  47  4:24  Zergling x6  
  51  4:45  Drone  
  48  4:46  Drone x5  
  52  4:57  Zerg Ground Armor Level 1  
  52  4:58  Drone x5  
  52  4:59  Lair, Drone x2  
  59  5:02  Drone, Extractor  
  57  5:10  Spore Crawler  
  51  5:45  Drone x2  
  51  5:46  Drone  
  51  5:48  Drone x4  
  51  5:49  Drone x2, Roach Warren  
  59  5:52  Drone x5  
  62  6:20  Drone x4, Extractor  
  62  6:21  Drone x2, Extractor  
  66  6:29  Overlord  
  66  6:30  Glial Reconstitution  
  66  6:31  Drone x4  
  66  6:32  Hatchery  
  69  6:38  Roach  
  69  6:39  Roach x5  
  75  7:01  Drone  
  75  7:02  Drone x5  
  75  7:03  Overlord  
  75  7:04  Overseer  
  75  7:05  Overseer  
  75  7:07  Roach x5  
  75  7:08  Roach x2  
  95  7:21  Drone, Extractor  
  95  7:22  Drone x2, Extractor  
  96  7:24  Zerg Missile Weapons Level 1  
  96  7:31  Overlord  
  96  7:33  Drone x2  
  96  7:34  Drone  
  96  7:35  Drone x3  
  102  7:38  Overlord  
  102  7:39  Overlord  
  102  7:55  Zergling x4, Roach x4  
  102  7:57  Overlord x2  
  112  8:01  Overseer  
  112  8:13  Spore Crawler  
  112  8:15  Overlord  
  104  8:31  Roach x3  
  104  8:32  Roach x11  
  127  8:42  Baneling Nest  
  120  8:55  Drone  
  120  8:56  Drone x2  
  123  9:10  Drone x3  
  123  9:11  Spore Crawler, Overlord  
  123  9:12  Drone x2  
  123  9:13  Drone x2  
  123  9:15  Evolution Chamber  
  128  9:24  Nydus Network  
  128  9:25  Zerg Ground Armor Level 2  
  128  9:26  Centrifugal Hooks  
  128  9:28  Zergling x8, Roach x4  
  128  9:29  Zergling x4, Roach x2  
  145  9:31  Ravager  
  145  9:32  Ravager x3  
  145  9:38  Pneumatized Carapace  
  149  9:49  Zerg Missile Weapons Level 2  
  149  9:51  Drone x2  
  149  9:52  Infestation Pit, Drone  
  151  9:56  Drone  
  151  9:57  Drone x3  
  155  10:01  Evolution Chamber  
  154  10:16  Nydus Canal  
  154  10:18  Zergling x2, Roach  
  154  10:19  Zergling x2, Roach  
  154  10:20  Overlord  
  160  10:28  Overlord x2  
  160  10:30  Hive  
  160  10:35  Spore Crawler  
  159  10:36  Spore Crawler  
  86  11:27  Roach  
  86  11:28  Roach x19  
  126  11:42  Adrenal Glands  
  126  11:43  Infestor  
  126  11:44  Infestor x2  
  132  11:49  Drone x4  
  132  11:50  Drone x4  
  142  12:01  Ravager  
  143  12:02  Hatchery  
  143  12:03  Overseer  
  134  12:12  Ultralisk Cavern  
  118  12:24  Burrow  
  113  12:31  Overlord  
  113  12:33  Roach x13  
  131  12:44  Overlord  
  101  13:08  Ultralisk x3  
  101  13:10  Zergling x14  
  101  13:11  Zergling x8  
  121  13:25  Spore Crawler, Queen  
  112  13:30  Overlord  
  112  13:33  Zergling x8  
  112  13:34  Zergling x2  
Tags
 
Add a new tag
Caveats
  • Supply blocks, unpowered buildings, or Contaminate may cause inaccurate times.
  • Supply counts are checked every 10 seconds.